 Dungeon Crawl Stone Soup version 0.30-a0-394-g3e4acdb0ae (webtiles) character file.

Game seed: 3320042081555216816

13553 NinjaNoafa the Geomancer (level 12, -3/68 HPs)
             Began as a Gargoyle Earth Elementalist on Dec 6, 2022.
             Was a Priest of Vehumet.
             Slain by a yak (4 damage)
             ... on level 1 of the Lair of Beasts.
             The game lasted 00:26:58 (10073 turns).

NinjaNoafa the Geomancer (GrEE)                    Turns: 10073, Time: 00:26:59

Health: -3/68      AC: 23    Str: 12    XL:     12   Next: 7%
Magic:  24/33      EV: 11    Int: 21    God:    Vehumet [***...]
Gold:   283        SH:  8    Dex: 10    Spells: 19/27 levels left

rFire   . . .      SeeInvis .    l - staff of conjuration
rCold   . . .      Faith    .    u - +0 buckler
rNeg    + . .      Spirit   .    N - +0 acid dragon scales
rPois   ∞          Reflect  +    O - +1 hat {Will+}
rElec   +          Harm     .    P - +1 cloak {rPois}
rCorr   +          Rampage  .    (no gloves)
Will    +....                    (no boots)
Stlth   +.........               d - amulet of reflection
HPRegen 0.31/turn                x - ring of magical power
MPRegen 0.23/turn                f - +4 ring of protection

@: no status effects
A: sickness immunity, AC +8, negative energy resistance 1, electricity
resistance, torment resistance 1, petrification resistance
a: Renounce Religion


You were on level 1 of the Lair of Beasts.
You worshipped Vehumet.
Vehumet was most pleased with you.
You visited 3 branches of the dungeon, and saw 11 of its levels.

You collected 645 gold pieces.
You spent 362 gold pieces at shops.

Inventory:

Missiles
 j - 82 stones
 k - 5 datura-tipped darts
 m - 3 curare-tipped darts
 r - 6 boomerangs
 t - 50 poisoned darts
 F - 7 throwing nets
 L - 3 boomerangs of dispersal
Armour
 q - a scarf of harm
 u - a +0 buckler (worn)
 N - +0 acid dragon scales (worn)
 O - a +1 hat of willpower (worn)
 P - a +1 cloak of poison resistance (worn)
Magical Staves
 l - a staff of conjuration (weapon)
Jewellery
 d - an amulet of reflection (around neck)
 f - a +4 ring of protection (right hand)
 x - a ring of magical power (left hand)
 K - a ring of positive energy
Wands
 y - a wand of mindburst (20)
 H - a wand of iceblast (10)
 I - a wand of digging (6)
 M - a wand of flame (31)
Scrolls
 a - 2 scrolls of summoning
 c - 4 scrolls of fog
 e - 2 scrolls of vulnerability
 g - a scroll of noise
 i - 4 scrolls of blinking
 n - a scroll of enchant weapon
 v - 2 scrolls of teleportation
 J - 2 scrolls of amnesia
Potions
 b - 3 potions of magic
 h - 5 potions of lignification
 o - 2 potions of attraction
 p - 2 potions of ambrosia
 s - 2 potions of might {unknown}
 w - 6 potions of curing
 z - 2 potions of flight {unknown}
 A - 2 potions of brilliance
 B - 3 potions of heal wounds {unknown}
 C - 2 potions of haste {unknown}
 D - a potion of cancellation {unknown}
 E - 2 potions of resistance
 G - 2 potions of mutation {unknown}


   Skills:
 - Level 5.0 Fighting
 - Level 2.0 Staves
 - Level 5.0 Armour
 - Level 3.0 Dodging
 - Level 2.1 Stealth
 - Level 0.6 Unarmed Combat
 + Level 8.4 Spellcasting
 - Level 10.0 Conjurations
 - Level 1.0 Transmutations
 - Level 12.0 Earth Magic
 + Level 6.6 Evocations


You had 19 spell levels left.
You knew the following spells:

 Your Spells              Type           Power      Damage    Failure   Level
a - Sandblast             Erth           100%       2d20      1%          1
b - Passwall              Tmut/Erth      30%        N/A       1%          2
c - Stone Arrow           Conj/Erth      100%       3d13      1%          3
d - Searing Ray           Conj           100%       2d8       1%          2

Your spell library contained the following spells:

 Spells                   Type           Power      Damage    Failure   Level
 Mephitic Cloud           Conj/Pois/Air  34%        N/A       3%          3
 Kiss of Death            Conj/Necr      100%       2d13      1%          1
 Magic Dart               Conj           100%       1d8       1%          1
 Momentum Strike          Conj/Tloc      88%        3d10      1%          2
 Dazzling Flash           Conj/Hex       88%        N/A       1%          3
 Fulminant Prism          Conj/Hex       22%        3d12      5%          4
 Ignite Poison            Fire/Tmut/Pois 10%        N/A       11%         3
 Petrify                  Tmut/Erth      36%        N/A       11%         4
 Kindle Blastsparks       Fire/Tloc/Air  16%        2d11      12%         3
 Animate Armour           Summ/Erth      68%        N/A       13%         4
 Freezing Cloud           Conj/Ice/Air   17%        6-21      26%         5
 Confusing Touch          Hex            8%         N/A       41%         3
 Animate Dead             Necr           8%         N/A       83%         4
 Dispel Undead            Necr           8%         3d8       83%         4
 Lehudib's Crystal Spear  Conj/Erth      35%        10d9      92%         8
 Agony                    Necr           8%         N/A       99%         5
 Silence                  Hex/Air        4%         N/A       99%         5
 Haunt                    Necr/Summ      4%         N/A       100%        7
 Infestation              Necr           4%         N/A       100%        8


Dungeon Overview and Level Annotations

Branches:
Dungeon (9/15)             Temple (1/1) D:6            Lair (1/5) D:9
    Orc: D:9-12

Altars:
Ashenzari
Cheibriados
Dithmenos
Elyvilon
Fedhas
Gozag
Hepliaklqana
Kikubaaqudgha
Makhleb
Nemelex Xobeh
Okawaru
Qazlal
Ru
Sif Muna
Trog
Uskayaw
Vehumet
Wu Jian
Xom
Yredelemnul
Zin
The Shining One

Shops:
D:3 (   D:7 *   D:9 :

Portals:
Abyss: D:8

Annotations:
D:4 2 transporters, KennySheep's ghost, amateur TeAE
D:8 2 transporters, Joey1's ghost, novice MiFi


Innate Abilities, Weirdness & Mutations

You are immune to sickness and miasma.
Your stone body is resilient. (AC +8)
You are immune to poison.
You resist negative energy. (rN+)
You are resistant to electric shocks. (rElec)
You are resistant to unholy torment.
You are immune to petrification.


Message History

The yak attacks as you move away! The yak gores you but does no damage.
The yak closely misses you. The yak attacks as you move away!
The yak gores you! You block the yak's attack.
Casting: Searing Ray (safe; 1% risk of failure)
Confirm with . or Enter, or press ? or * to list all spells.
Aiming: Searing Ray (safe; 1% risk of failure)
Press: ? - help, Shift-Dir - straight line, f - yak, p - yak
Aim: a yak (90% to hit)
You feel a surge of power!
The searing ray hits the yak!
The yak is moderately wounded.
The searing ray hits the yak!
The yak is severely wounded. (Press . to maintain the ray.)
The yak closely misses you. The yak barely misses you.
You block the yak's attack.
The searing ray misses the yak.
The searing ray hits the yak!
The yak is almost dead.
You block the yak's attack. x2; The yak closely misses you.
The searing ray hits the yak!
The yak is heavily wounded.
The searing ray hits the yak.
The yak is almost dead.
The yak gores you!
* * * LOW HITPOINT WARNING * * *
You block the yak's attack. The yak misses you.
The searing ray hits the yak!
The yak is severely wounded.
The searing ray hits the yak!
You kill the yak!
Vehumet accepts your kill.
You finish channelling your searing ray.
The yak gores you!
* * * LOW HITPOINT WARNING * * *
The yak gores you!
* * * LOW HITPOINT WARNING * * *
You block the yak's attack. The yak attacks as you move away!
The yak barely misses you. The yak attacks as you move away! The yak gores you.
You die...

### #########
####.###.##P.#.#########
..............†Y@.......
.............>.YY.......
........................
###########...##########
#...# #...# ##
#####...########.##
...................
...................


You could see 3 yaks.

Vanquished Creatures
  Gastronok (D:8)
  Harold (D:9)
  Pikel (D:5)
  2 cane toads (Lair:1)
  Maggie (D:8)
  A komodo dragon (Lair:1)
  A kobold demonologist (D:8)
  A polar bear (Lair:1)
  A troll (D:6)
  A shadow (D:9)
  A wyvern (D:7)
  26 yaks
  A basilisk (Lair:1)
  A steam dragon (D:6)
  7 water moccasins
  2 sky beasts
  4 orc warriors
  5 black bears
  2 ogres
  8 centaurs
  2 phantoms (D:6)
  5 bullfrogs
  9 kobold brigands (D:8)
  A scorpion (D:5)
  A necrophage (D:5)
  A gnoll sergeant (D:8)
  3 wights (D:9)
  3 howler monkeys
  3 hounds
  3 jellies
  2 gnoll boudas (D:6)
  An orc priest (D:2)
  Natasha (twice) (D:3)
  6 iguanas
  12 orc wizards
  An ogre zombie (D:7)
  Robin (D:3)
  20 gnolls
  An orc zombie (D:7)
  9 adders
  A shadow imp (D:6)
  3 ufetubi
  2 worms
  3 dart slugs
  31 orcs
  6 ball pythons
  6 endoplasms
  7 giant cockroaches
  9 hobgoblins
  2 quokkas
  8 bats
  6 frilled lizards
  13 goblins
  10 kobolds
  2 rats
263 creatures vanquished.

Vanquished Creatures (others)
  2 fungi (Lair:1)
  10 plants (Lair:1)
12 creatures vanquished.

Grand Total: 275 creatures vanquished

Notes
Turn   | Place    | Note
-------+----------+-------------------------------------------
     0 | D:1      | NinjaNoafa the Gargoyle Earth Elementalist began the quest
                  | for the Orb.
     0 | D:1      | Reached XP level 1. HP: 10/10 MP: 3/3
   142 | D:1      | Reached XP level 2. HP: 15/15 MP: 3/5
   151 | D:1      | Reached skill level 4 in Earth Magic
   908 | D:2      | Reached XP level 3. HP: 19/19 MP: 2/6
  1553 | D:2      | Learned a level 2 spell: Passwall
  1589 | D:2      | Reached XP level 4. HP: 24/24 MP: 4/8
  1592 | D:2      | Reached skill level 1 in Conjurations
  1592 | D:2      | Reached skill level 5 in Earth Magic
  1596 | D:2      | Reached XP level 5. HP: 12/28 MP: 0/10
  2013 | D:3      | Noticed Robin
  2179 | D:3      | Killed Robin
  2635 | D:3      | Reached XP level 6. HP: 32/32 MP: 11/11
  2670 | D:3      | Noticed Natasha
  2673 | D:3      | Killed Natasha
  2688 | D:3      | Noticed Natasha
  2691 | D:3      | Killed Natasha
  2793 | D:3      | Found a snail-covered altar of Cheibriados.
  2919 | D:3      | Found Dojyst's Weapon Boutique.
  3110 | D:4      | Noticed KennySheep's ghost (amateur TeAE)
  3111 | D:4      | Found a transporter.
  3111 | D:4      | Noticed a two-headed ogre
  3113 | D:4      | Found a transporter.
  3181 | D:4      | Learned a level 3 spell: Stone Arrow
  3459 | D:4      | Reached skill level 6 in Earth Magic
  3589 | D:4      | Noticed a black bear
  3596 | D:4      | Killed a black bear
  3597 | D:4      | Reached XP level 7. HP: 34/36 MP: 13/13
  3863 | D:5      | Entered Level 5 of the Dungeon
  3929 | D:5      | Noticed Pikel
  3937 | D:5      | Killed Pikel
  3938 | D:5      | Reached skill level 5 in Spellcasting
  3938 | D:5      | Reached skill level 5 in Conjurations
  3938 | D:5      | Reached skill level 7 in Earth Magic
  3938 | D:5      | Reached skill level 1 in Transmutations
  3938 | D:5      | Reached XP level 8. HP: 41/41 MP: 15/15
  4097 | D:5      | Reached skill level 8 in Earth Magic
  4376 | D:6      | Noticed a troll
  4382 | D:6      | Killed a troll
  4383 | D:6      | Reached skill level 9 in Earth Magic
  4383 | D:6      | Reached XP level 9. HP: 45/45 MP: 16/16
  4546 | D:6      | Reached skill level 10 in Earth Magic
  4560 | D:6      | Found a hide-covered altar of Uskayaw.
  4569 | D:6      | Found a hazy altar of Hepliaklqana.
  4570 | D:6      | Found a glowing golden altar of the Shining One.
  4601 | D:6      | Reached skill level 1 in Fighting
  4841 | D:6      | Found a staircase to the Ecumenical Temple.
  5118 | Temple   | Entered the Ecumenical Temple
  5242 | Temple   | Became a worshipper of Vehumet
  5761 | D:7      | Reached skill level 11 in Earth Magic
  5778 | D:7      | Found Vapinn's Specific Store.
  5779 | D:7      | Found Rivuqamn's General Store.
  5784 | D:7      | Bought a scroll of identify for 24 gold pieces
  5784 | D:7      | Bought a potion of curing for 36 gold pieces
  5788 | D:7      | Bought a scroll of identify for 22 gold pieces
  6101 | D:7      | Found a transporter.
  6137 | D:7      | Found a transporter.
  6270 | D:8      | Noticed a kobold demonologist
  6278 | D:8      | Noticed a red devil
  6291 | D:8      | Identified a scroll of acquirement
  6298 | D:8      | Acquired a staff of conjuration
  6310 | D:8      | Noticed an ice devil
  6312 | D:8      | Killed a kobold demonologist
  6313 | D:8      | Reached skill level 12 in Earth Magic
  6313 | D:8      | Reached XP level 10. HP: 27/56 MP: 17/17
  6315 | D:8      | Reached skill level 1 in Armour
  6344 | D:8      | Reached * piety under Vehumet
  6344 | D:8      | Offered knowledge of Freeze by Vehumet.
  6595 | D:8      | Noticed Maggie
  6603 | D:8      | Killed Maggie
  6604 | D:8      | Reached skill level 5 in Fighting
  6823 | D:8      | Found the +8 demon trident "Rift" {distort, reach+}
  6847 | D:8      | Found a one-way gate to the infinite horrors of the Abyss.
  6847 | D:8      | Noticed Joey1's ghost (novice MiFi)
  6973 | D:8      | Reached skill level 5 in Armour
  6974 | D:8      | Reached skill level 1 in Staves
  7107 | D:8      | Noticed Gastronok
  7120 | D:8      | Killed Gastronok
  7212 | D:8      | Found a transporter.
  7228 | D:8      | Found a transporter.
  7842 | D:7      | Reached skill level 5 in Evocations
  7842 | D:7      | Reached XP level 11. HP: 27/63 MP: 10/18
  7998 | D:7      | Offered knowledge of Momentum Strike by Vehumet.
  8000 | D:7      | Reached ** piety under Vehumet
  8185 | D:9      | Found Goest's Book Shop.
  8193 | D:9      | Bought a book of Conjurations for 280 gold pieces
  8206 | D:9      | Found a staircase to the Lair.
  8248 | D:8      | Learned a level 2 spell: Searing Ray
  8251 | D:8      | Learned a level 2 spell: Momentum Strike
  8961 | D:9      | Noticed Harold
  8968 | D:9      | Killed Harold
  9162 | Lair:1   | Entered Level 1 of the Lair of Beasts
  9164 | Lair:1   | Found a basalt altar of Yredelemnul.
  9396 | Lair:1   | Offered knowledge of Mephitic Cloud by Vehumet.
  9515 | Lair:1   | Reached skill level 10 in Conjurations
  9541 | Lair:1   | Reached *** piety under Vehumet
  9801 | Lair:1   | Reached XP level 12. HP: 15/68 MP: 6/24
 10072 | Lair:1   | HP: 1/68 [yak (7)]
 10073 | Lair:1   | Slain by a yak

Illustrated notes

Levels and vault maps discovered:
D:1:      reono_arrival_forest_river, layout_loops_ring
D:2:      cheibrodos_pilgrimage, layout_rooms
D:3:      minmay_razor_zed, layout_loops_ring, lemuel_tele_altar, serial_shops,
          shop_statue, uniq_natasha, uniq_robin
D:4:      layout_gridville, gammafunk_ghost_arena
D:5:      layout_rooms, uniq_pikel
D:6:      layout_cave_pools, minitemple, temple_doors_cd
D:7:      gammafunk_cloud_chamber, layout_basic, minmay_misc_feat_diagonals,
          chequers_serial_rivers_micro_e, serial_park_tiny_2,
          nicolae_specific_store
D:8:      layout_basic, gammafunk_ghost_abyssal_escape, special_room
          [special_room_kobold], minivault_19, minmay_misc_feat_chi,
          uniq_maggie, uniq_gastronok
D:9:      layout_loops_cross, lair_entry_dummy, serial_shops,
          nicolae_shop_statue_plus, uniq_erica, uniq_harold
Temple:   nicolae_temple_two_arcs
Lair:1:   beast_lair_carwin_large_1, layout_long_grid, lemuel_centaur_altar

Skill      XL: |  1  2  3  4  5  6  7  8  9 10 11 |
---------------+----------------------------------+-----
Earth Magic    | 4 5 6 7 9 12 | 12.0
Spellcasting   | 3 4 5 8 |  8.4
Conjurations   | 1 2 3 6 7 8 10 | 10.0
Transmutations | 1 |  1.0
Fighting       | 3 5 |  5.0
Dodging        | 2 3 |  3.0
Armour         | 5 |  5.0
Staves         | 2 |  2.0
Evocations     | 5 6 |  6.6
Stealth        | |  2.1
Unarmed Combat | |  0.6

Action                   |  1- 3 |  4- 6 |  7- 9 | 10-12 || total
-------------------------+-------+-------+-------+-------++-------
Melee: Unarmed           |     2 |       |       |       ||     2
       Dagger            |     4 |     5 |       |       ||     9
       Hand axe          |     2 |     2 |       |       ||     4
       Staff             |       |       |       |    26 ||    26
 Fire: Arbalest          |       |     2 |       |       ||     2
       Shortbow          |       |       |     8 |    14 ||    22
 Cast: Sandblast         |    49 |    99 |     6 |    42 ||   196
       Passwall          |       |     8 |     3 |       ||    11
       Stone Arrow       |       |    12 |    69 |   122 ||   203
       Searing Ray       |       |       |       |    15 ||    15
       Momentum Strike   |       |       |       |     1 ||     1
Evoke: Wand              |       |       |     2 |       ||     2
  Use: Scroll            |       |       |    15 |    11 ||    26
       Potion            |       |       |       |     1 ||     1
Armor: Robe              |     7 |    44 |    23 |    10 ||    84
       Acid dragon scale |       |       |       |   114 ||   114
Dodge: Dodged            |    24 |    55 |    27 |   150 ||   256
Block: Other             |     1 |       |       |    11 ||    12
       Buckler           |       |       |       |    78 ||    78
       Reflection        |       |       |       |    14 ||    14

Table legend: (Time is in decaauts)
 A = Elapsed time spent in this place.
 B = Non-inter-level travel time spent in this place.
 C = Inter-level travel time spent in this place.
 D = Time resting spent in this place.
 E = Time spent auto-exploring this place.
 F = Levels seen in this place.
 G = Mean time per level.
                   A        B        C        D        E       F      G
               +--------+--------+--------+--------+--------+-----+--------+
         Total |  10209 |   9177 |   1032 |    157 |   7269 |  11 |  928.1 |
       Dungeon |   9302 |   8328 |    974 |    157 |   6603 |   9 | 1033.6 |
        Temple |    134 |    111 |     23 |      0 |    104 |   1 |  134.0 |
          Lair |    772 |    738 |     34 |      0 |    561 |   1 |  772.0 |
               +--------+--------+--------+--------+--------+-----+--------+

Top non-repeatable levels by time:
     D:8: 1508 daAuts
     D:7: 1226 daAuts
     D:3: 1196 daAuts
     D:1: 1147 daAuts
     D:9: 1072 daAuts
     D:6: 917 daAuts
     D:2: 895 daAuts
     D:4: 801 daAuts
  Lair:1: 772 daAuts
     D:5: 536 daAuts
  Temple: 134 daAuts
